[Event "Cairns Cup 2024"]
[Site "Saint Louis"]
[Date "2024.06.13"]
[Round "1.1"]
[White "Dronavalli, Harika"]
[Black "Dzagnidze, Nana"]
[Result "1/2-1/2"]
[ECO "B44"]
[WhiteElo "2489"]
[BlackElo "2506"]
[Annotator "ChessBase"]
[PlyCount "252"]
[EventDate "2024.06.13"]
[EventType "tourn"]
[EventCountry "USA"]
[SourceTitle "playchess.com"]
[Source "ChessBase"]
[SourceQuality "1"]
[TimeControl "40/5400+30:1800+30"]

1. e4 c5 2. Nf3 e6 3. d4 cxd4 4. Nxd4 Nc6 5. g3 Nxd4 6. Qxd4 b6 7. Bg2 Bb7 8. O-O Nf6 9. Nc3 Bc5 10. Qd3 O-O 11. Bg5 Qc7 12. Rad1 Bc6 13. Bxf6 gxf6 14. Kh1 b5 15. Qf3 Be7 16. Qh5 Qe5 17. Qh6 b4 18. f4 Qc5 19. f5 Kh8 20. Ne2 Qxc2 21. Nd4 Qc5 22. Nxc6 dxc6 23. e5 Qxe5 24. fxe6 fxe6 25. Rfe1 Rad8 26. Rc1 Qg5 27. Qxg5 fxg5 28. Rxc6 Rf2 29. Rcxe6 Bf6 30. Rf1 Rxf1+ 31. Bxf1 Bxb2 32. Kg2 a5 33. Bb5 Rd5 34. Bc4 Rc5 35. Bb3 Kg7 36. Kf3 h5 37. Ke4 Bf6 38. Ra6 Re5+ 39. Kd3 g4 40. Ra7+ Kg6 41. Ra6 Kf5 42. Bf7 h4 43. Bg8 hxg3 44. hxg3 Rc5 45. Be6+ Kg5 46. Ra8 Rc3+ 47. Ke4 Rxg3 48. Rxa5+ Kh4 49. Ra6 Bg5 50. Ra7 Re3+ 51. Kf5 Rf3+ 52. Ke4 Re3+ 53. Kf5 Rf3+ 54. Ke4 Rf6 55. Rh7+ Kg3 56. Bf5 Rf8 57. Rb7 Re8+ 58. Kd3 Re3+ 59. Kd4 Rf3 60. Be4 Rf2 61. Rxb4 Rd2+ 62. Ke5 Rxa2 63. Bf5 Bf4+ 64. Ke4 Re2+ 65. Kd3 Re3+ 66. Kc2 Re5 67. Bd7 Rc5+ 68. Kb3 Kf3 69. Rc4 Re5 70. Bc6+ Kg3 71. Bd7 Re7 72. Rd4 Kf3 73. Bxg4+ Kxg4 74. Kc4 Kf5 75. Rd5+ Be5 76. Kd3 Rh7 77. Rc5 Rh3+ 78. Kc4 Ke4 79. Rc6 Rh1 80. Kb5 Bd4 81. Rc8 Rb1+ 82. Kc6 Rb6+ 83. Kc7 Re6 84. Kd7 Kd5 85. Rc7 Rh6 86. Rb7 Bb6 87. Kc8 Rh8+ 88. Kd7 Bc5 89. Rc7 Rh6 90. Rb7 Bb6 91. Kc8 Rg6 92. Kd7 Kc5 93. Rb8 Kd5 94. Rb7 Rd6+ 95. Ke7 Ke5 96. Rd7 Rh6 97. Kf7 Rf6+ 98. Ke7 Bc5+ 99. Kd8 Bd6 100. Kc8 Rf8+ 101. Rd8 Rf3 102. Rd7 Ke6 103. Rh7 Rf8+ 104. Kb7 Kd5 105. Rh5+ Be5 106. Kb6 Rb8+ 107. Ka5 Rb1 108. Ka6 Kd6 109. Ka5 Bc3+ 110. Ka4 Kc6 111. Ka3 Bd4 112. Ka2 Rb4 113. Rg5 Bc5 114. Rg3 Kd5 115. Rc3 Rb8 116. Rc2 Kd4 117. Rb2 Ra8+ 118. Kb1 Kd3 119. Rb3+ Kc4 120. Rb2 Bd4 121. Ra2 Rh8 122. Kc2 Bc3 123. Ra4+ Bb4 124. Ra2 Rh3 125. Rb2 Rh2+ 126. Kb1 Rh1+ 1/2-1/2

[Event "Cairns Cup 2024"]
[Site "Saint Louis"]
[Date "2024.06.13"]
[Round "1.2"]
[White "Kosteniuk, Alexandra"]
[Black "Paehtz, Elisabeth"]
[Result "1-0"]
[ECO "B30"]
[WhiteElo "2501"]
[BlackElo "2457"]
[Annotator "TA"]
[PlyCount "101"]
[EventDate "2024.06.13"]
[EventType "tourn"]
[EventCountry "USA"]
[SourceTitle "playchess.com"]
[Source "ChessBase"]
[SourceQuality "1"]
[TimeControl "40/5400+30:1800+30"]

1. e4 c5 2. Nf3 Nc6 3. Bb5 e6 4. Bxc6 bxc6 5. d3 Qc7 6. e5 f6 7. Bf4 Ne7 8. O-O {[%emt 0:00:00] The position is equal.} fxe5 9. Bxe5 d6 10. Bg3 Nf5 11. Nh4 {[%emt 0:00:00] White wants to play Nxf5.} g6 (11... Nh6 $11) 12. Nd2 (12. Nxf5 $14 gxf5 13. Nd2) 12... Nxh4 13. Bxh4 Bg7 {[%emt 0:00:00] Dodges Bf6} 14. Qf3 e5 15. Ne4 Bf5 16. Nf6+ Bxf6 17. Bxf6 O-O {[%emt 0:00:11][%cal Of5e6] [#] ...Be6! would now be deadly.} 18. Bg5 Rae8 19. Rfe1 Qb6 20. b3 Be6 21. Qe3 Qb4 22. Qe4 Qb6 ({Better is} 22... Bd5 $14 23. Qxb4 cxb4) 23. Qh4 Rf5 24. Re2 Ref8 25. h3 R8f7 26. Rae1 Bd7 27. c3 Qa5 28. Rc1 Qa3 29. Be3 Qa6 30. Rd2 Qa3 31. Rcc2 Qa5 {[%emt 0:04:53] Inhibits Qd8+.} 32. d4 Rh5 {[%emt 0:07:46] [#]} 33. Qg3 cxd4 34. cxd4 e4 (34... Rf6 $16 35. dxe5 Qxe5 36. Qxe5 (36. Bxa7 Qxg3 37. fxg3 Kf7 $16) 36... Rxe5 37. Bxa7 Kf7) 35. Qxd6 $18 Rd5 36. Qg3 Qd8 37. Bf4 Qf6 (37... Rdf5 {keeps fighting.}) 38. Be5 Qf5 39. b4 h6 40. Rc5 Kh7 {[%emt 0:01:05] Black is weak on the dark squares} (40... Qg5 {was called for.}) 41. b5 Rxc5 (41... Qe6 42. bxc6 Bxc6) 42. dxc5 {[%emt 0:00:01] Black must now prevent Bb2.} cxb5 43. Rd6 e3 44. Qxe3 Re7 45. f4 g5 46. Qd4 {[%emt 0:01:11] Rf6 is the strong threat.} Bc8 47. Rf6 {[%emt 0:04:13] White threatens Qd6 and mate.} Qb1+ 48. Kh2 {[%emt 0:00:03] White mates.} Rd7 49. Bd6 Bb7 50. fxg5 hxg5 51. Qg4 {[%emt 0:00:19][%csl LRd7,LRg5] Weighted Error Value: White=0.14 (very precise) /Black=0.44.  Mistake:       	White=1     	Black=6      Inaccurate:     	White=2     	Black=4      OK:         	White=14    	Black=11     Best:        	White=4     	Black=2} 1-0

[Event "Cairns Cup 2024"]
[Site "Saint Louis"]
[Date "2024.06.13"]
[Round "1.3"]
[White "Lee, Alice"]
[Black "Tan, Zhongyi"]
[Result "0-1"]
[ECO "A50"]
[WhiteElo "2368"]
[BlackElo "2540"]
[Annotator "RC"]
[PlyCount "118"]
[EventDate "2024.06.13"]
[EventType "tourn"]
[EventCountry "USA"]
[SourceTitle "playchess.com"]
[Source "ChessBase"]
[SourceQuality "1"]
[TimeControl "40/5400+30:1800+30"]

1. d4 Nf6 2. c4 b6 3. Nc3 Bb7 4. a3 e6 5. d5 Bd6 6. Nf3 O-O 7. e4 exd5 8. exd5 c6 9. Be2 cxd5 10. cxd5 Na6 11. O-O Nc7 12. Bg5 h6 13. Bh4 g5 14. Bg3 Bxg3 15. hxg3 Nfxd5 16. Nxd5 Bxd5 17. Nd4 Qf6 18. Bd3 Ne6 19. Nf5 Nc5 20. Bc2 Be6 21. Nd4 Bc4 22. Re1 Rfe8 23. Qd2 Kf8 24. Nf5 d5 25. g4 Qxb2 26. Nxh6 Ne4 27. Qd1 Nc3 28. Qf3 Ne2+ 29. Kh2 Nf4 30. g3 Be2 31. Qb3 Qxb3 32. Bxb3 Nd3 33. Bxd5 Rad8 34. Bxf7 Nxe1 35. Rxe1 Re7 36. Nf5 Kxf7 37. Nxe7 Bf3 38. Nf5 Rh8+ 39. Nh4 gxh4 40. Kh3 Rg8 41. Re3 Bxg4+ 42. Kxh4 Kf6 43. f3 b5 44. Rc3 a5 45. Rc6+ Be6 46. g4 Rh8+ 47. Kg3 Rb8 48. f4 Ke7 49. f5 Bd5 50. Rc2 b4 51. axb4 axb4 52. Kf4 b3 53. Rb2 Kd6 54. g5 Rb4+ 55. Ke3 Ke5 56. Kd3 Kxf5 57. Kc3 Rf4 58. Rd2 Bf7 59. Rg2 Kg6 0-1

[Event "Cairns Cup 2024"]
[Site "Saint Louis"]
[Date "2024.06.13"]
[Round "1.4"]
[White "Krush, Irina"]
[Black "Muzychuk, Anna"]
[Result "1/2-1/2"]
[ECO "D35"]
[WhiteElo "2415"]
[BlackElo "2505"]
[Annotator "TA"]
[PlyCount "94"]
[EventDate "2024.06.13"]
[EventType "tourn"]
[EventCountry "USA"]
[SourceTitle "playchess.com"]
[Source "ChessBase"]
[SourceQuality "1"]
[TimeControl "40/5400+30:1800+30"]

1. d4 d5 2. c4 e6 3. Nc3 Nf6 4. cxd5 exd5 5. Bg5 Be7 6. e3 h6 7. Bf4 O-O 8. Bd3 Re8 9. h3 c5 10. Nge2 Nc6 11. O-O a6 12. dxc5 Bxc5 13. Rc1 Ba7 14. Qd2 d4 15. exd4 Nxd4 16. Rfd1 Qa5 17. Nxd4 Bxd4 18. Bc4 Be5 (18... Bxc3 $1 $11 19. Rxc3 (19. Qxc3 Qxc3 20. Rxc3 Be6 $14) 19... Qh5) 19. Bxe5 $16 Rxe5 20. Nd5 Qxd2 21. Nxf6+ gxf6 22. Rxd2 Bf5 23. g4 Be4 24. Rd7 Rf8 25. Re1 Kg7 26. Rc7 {[%emt 0:04:01] White has more active pieces.} b5 27. f4 Ree8 28. Bb3 f5 29. gxf5 Kf6 30. Kf2 Kxf5 31. Bxf7 (31. Rxf7+ Rxf7 32. Bxf7 Re7 $11) 31... Rd8 {[%emt 0:01:56] [#]} 32. Bg6+ Kxg6 $11 {[%emt 0:00:06] The position is equal.} 33. Rxe4 {[%emt 0:00:04][%mdl 4096] Endgame. KRR-KRR} Rd2+ 34. Kg3 Rxb2 35. Re6+ Rf6 36. Rxf6+ Kxf6 {[%emt 0:00:01] KR-KR} 37. Rc6+ Kf5 38. Rxa6 Rc2 39. Rxh6 {[%emt 0:00:30] Threatens to win with Rh5+.} Rc3+ 40. Kh4 Ra3 41. Rh5+ Kxf4 42. Rxb5 Rxa2 43. Kh5 Ra8 44. h4 Rh8+ 45. Kg6 Rxh4 46. Rb4+ Kg3 47. Rxh4 Kxh4 {[%emt 0:00:03] Weighted Error Value: White=0.05 (flawless) /Black=0.06 (flawless) .  Mistake:       	White=1     	Black=1      Inaccurate:     	White=1     	Black=1      OK:         	White=18    	Black=17     Best:        	White=1     	Black=7} 1/2-1/2

[Event "Cairns Cup 2024"]
[Site "Saint Louis"]
[Date "2024.06.13"]
[Round "1.5"]
[White "Muzychuk, Mariya"]
[Black "Zatonskih, Anna"]
[Result "1-0"]
[ECO "C11"]
[WhiteElo "2510"]
[BlackElo "2327"]
[Annotator "TA"]
[PlyCount "139"]
[EventDate "2024.06.13"]
[EventType "tourn"]
[EventCountry "USA"]
[SourceTitle "playchess.com"]
[Source "ChessBase"]
[SourceQuality "1"]
[TimeControl "40/5400+30:1800+30"]

1. e4 e6 2. d4 d5 3. Nc3 Nf6 4. e5 Nfd7 5. f4 c5 6. Nf3 Nc6 7. Be3 a6 8. a3 b6 {[%emt 0:00:00] C11: French: Classical System: 4 e5 and 4 Bg5 dxe4.} 9. g3 Be7 10. Bg2 O-O 11. O-O Kh8 $146 ({Predecessor:} 11... f5 12. h3 cxd4 13. Nxd4 Nxd4 14. Bxd4 Nc5 15. Kh2 Bd7 16. b4 Ne4 17. Nxe4 dxe4 {0-1 Rodriguez Guerrero,A (1425)-Mejia,D (1784) Managua Hurtado Memorial op 2021 (3)}) 12. Ne2 Bb7 13. c3 f5 14. exf6 Nxf6 15. Bh3 Qd6 16. Ng5 Nd8 17. Nc1 c4 18. Ne2 Bc6 19. g4 Nf7 20. Nxf7+ Rxf7 21. Ng3 Re8 22. Qc2 Bd8 23. Rae1 Bd7 24. Bc1 Ref8 25. Re2 Ng8 26. g5 Ne7 27. Rfe1 Ng6 28. Nh5 Nh4 (28... e5 $17 29. dxe5 Nxe5 30. Rxe5 (30. fxe5 $2 Bxh3 $17)) 29. Bg4 (29. Rf1 $11) 29... b5 ({Better is} 29... g6 $17 30. Nf6 (30. Rxe6 Bxe6 31. Rxe6 Qb8 $19) 30... Bxf6 31. gxf6 Rxf6) 30. Re5 Ng6 (30... g6 $15 31. Nf6 Bxf6 32. gxf6 Rxf6) 31. Rxe6 $11 Bxe6 32. Rxe6 Qd7 33. h3 (33. Rxa6 $2 Qxg4+ 34. Ng3 Nxf4 35. Bxf4 Rxf4 $19) ({White should play} 33. Qg2 $11 Re7 34. Rxg6 (34. Rxa6 $2 Re1+ 35. Kf2 Qe8 $19)) 33... Qc7 ({Black should try} 33... Nh4 $15) 34. Rxg6 (34. Rxa6 Nxf4 35. Bxf4 Rxf4 36. Nxf4 Qxf4 $19) 34... hxg6 35. Qxg6 Qe7 (35... Re7 $11 36. Kf2 (36. Qxa6 $2 Re1+ 37. Kg2 Rxc1 $19) (36. Be6 $2 Qd6 $19) 36... Qb6 37. Qxb6 Bxb6) 36. Be6 $1 $14 (36. Qxa6 $2 Qe1+ 37. Kg2 Qxc1 $19) 36... Qe8 37. f5 $1 (37. Bxf7 Qxf7 38. Qxf7 Rxf7 $11) 37... Re7 $2 (37... Rb7 $14 38. Nf4 (38. Bxd5 $2 Qxg6 39. fxg6 Re7 $19) 38... Bc7) 38. Nf4 $1 $18 (38. Bxd5 $2 Re1+ (38... Qxg6 $2 39. fxg6 Re1+ 40. Kg2 $19) 39. Kh2 Qxg6 (39... Rxc1 40. Qxg7#) 40. fxg6 Rxc1 $19) 38... Rxe6 39. Qxe6 ({Inferior is} 39. fxe6 Kg8 $14) 39... Qxe6 40. Nxe6 (40. fxe6 Re8 41. h4 (41. Nxd5 Rxe6 42. Kf2 Rd6 $11) 41... Bc7 $16) 40... Re8 41. g6 a5 42. Bf4 Bf6 43. Bd6 Kg8 44. Kf2 Bh4+ 45. Kf3 Be1 46. Ke2 Bh4 47. Be5 Re7 48. Kd2 Rb7 49. Kc2 Bf6 $2 (49... Ra7 50. Kd2 Rb7) 50. Bxf6 $18 gxf6 51. h4 b4 52. h5 bxa3 53. bxa3 Rd7 54. h6 a4 55. Kd2 Rb7 56. Kc2 (56. Nf4 $18 Rb2+ 57. Ke3) 56... Rd7 $1 57. Nf4 Rd6 58. Kd2 Kh8 59. Ke3 Kg8 60. Kf3 Kh8 61. Kg4 Kg8 62. Kh5 Rd7 63. Ne6 Ra7 64. Nd8 Re7 65. h7+ Kg7 66. Nf7 Re8 67. h8=Q+ Rxh8+ 68. Nxh8 Kxh8 69. Kh6 Kg8 70. g7 1-0